 Dungeon Crawl Stone Soup version 0.20-a0-2-g2b0e13a (webtiles) character file.

19 Leibowitz the Poker (level 2, 0/24 HPs)
             Began as a Demigod Gladiator on Oct 28, 2016.
             Succumbed to an adder's poison
             ... on level 2 of the Dungeon.
             The game lasted 00:01:08 (684 turns).

Leibowitz the Poker (Demigod Gladiator)              Turns: 684, Time: 00:01:09

Health: 0/24       AC:  4    Str: 16 (18) XL:     2   Next: 39%
Magic:  4/4        EV: 13    Int: 11 (14) God:
Gold:   30         SH:  0    Dex: 14 (16) Spells: 0 memorised, 1 level left

rFire  . . .     SeeInvis .     a - +0 trident
rCold  . . .     Gourm    .     b - +0 leather armour
rNeg   . . .     Faith    .     (no shield)
rPois  .         Spirit   .     c - +0 helmet
rElec  .         Reflect  .     (no cloak)
rCorr  .         Harm     .     (no gloves)
MR     .....                    (no boots)
Stlth  +.........               (no amulet)
                                (no ring)
                                (no ring)

@: lethally poisoned (0 -> -15), very slightly contaminated, hasted, very quick
A: clever 1, deterioration 1, high mp 1, wild magic 1
a: no special abilities


You were on level 2 of the Dungeon.
You were not hungry.

You visited 1 branch of the dungeon, and saw 2 of its levels.

You collected 30 gold pieces.

Inventory:

Hand Weapons
 a - a +0 trident (weapon)
Missiles
 d - 3 throwing nets (quivered)
 i - 9 poisoned needles
Armour
 b - a +0 leather armour (worn)
 c - a +0 helmet (worn)
Scrolls
 h - a scroll of enchant armour {unknown}
 j - a scroll of remove curse {unknown}
 l - 2 scrolls of identify {unknown}
 m - a scroll of recharging {unknown}
 p - a scroll of teleportation {unknown}
Comestibles
 f - 2 bread rations
 g - 2 fruits
 n - a meat ration


   Skills:
 + Level 1.8 Fighting
 + Level 3.2 Polearms
 + Level 2.0 Throwing
 + Level 2.9 Dodging


You had one spell level left.
You didn't know any spells.

Dungeon Overview and Level Annotations

Branches:
Dungeon (2/15)


Innate Abilities, Weirdness & Mutations

You have an increased reservoir of magic. (+10% MP)
Your mind is acute. (Int +2)
Your body sometimes deteriorates upon taking damage.
Your spells are a little harder to cast, but a little more powerful.


Message History

You feel sick. The adder bites you.
* * * LOW HITPOINT WARNING * * *
You are more poisoned.
The adder poisons you!
You closely miss the adder.
* * * LOW HITPOINT WARNING * * *
You feel sick. The adder closely misses you. The adder misses you.
It was a potion of degeneration.
There was something very wrong with that liquid.
You feel weakened.
You feel dopey.
You feel clumsy.
* * * LOW HITPOINT WARNING * * *
You feel sick. The adder closely misses you.
It was a potion of haste.
You feel yourself speed up.
* * * LOW HITPOINT WARNING * * *
You feel sick. The adder closely misses you.
You are very lightly contaminated with residual magic.
It was a potion of mutation.
You feel extremely strange.
You feel yourself wasting away.
You feel less in control of your magic.
You feel clever.
You die...

##.###. #..#..
#.##.########
#.#.........#### #
##.#............##.
##.................<
#...#.............<.
#.#.#............#..
..
#@#...............
##
#S#..............#
..#............###
#....[..>.......##
#.#..####.#####..##
..##. #..# ##... ##
. ...# ###. ...## #.
##


You could see an adder.

Vanquished Creatures
  A dart slug (D:1)
  2 giant cockroaches
  2 goblins (D:1)
  2 hobgoblins (D:1)
  2 frilled lizards (D:2)
  5 kobolds
  2 rats (D:2)
16 creatures vanquished.

Notes
Turn   | Place    | Note
-------+----------+-------------------------------------------
     0 | D:1      | Leibowitz the Demigod Gladiator began the quest for the Orb.
     0 | D:1      | Reached XP level 1. HP: 17/17 MP: 3/3
    90 | D:1      | Reached skill level 3 in Polearms
   330 | D:1      | Reached XP level 2. HP: 24/24 MP: 4/4
   683 | D:2      | HP: 1/24 [poisoned by an adder]
   684 | D:2      | Gained mutation: Your body sometimes deteriorates upon taking damage. [potion of mutation]
   684 | D:2      | Gained mutation: Your spells are a little harder to cast, but a little more powerful. [potion of mutation]
   684 | D:2      | Gained mutation: Your mind is acute. (Int +2) [potion of mutation]
   684 | D:2      | Succumbed to an adder's poison

Vault maps used:
D:1:      dpeg_arrival_lava_temple_mockup
D:2:      ecumenical_altar_1, minmay_octomino_c4

Skill      XL: |  1  2 |
---------------+-------+-----
Polearms       | 3 |  3.2
Throwing       | 2 |  2.0
Fighting       | |  1.8
Dodging        | |  2.9

Action                   || total
-------------------------++-------
Melee: Trident           ||    38
  Use: Potion            ||     3
 Stab: Sleeping          ||     1
Armor: Leather armour    ||     8
Dodge: Dodged            ||    28
